 Dungeon Crawl Stone Soup version 0.25-a0-613-gf4b266557c (webtiles) character file.

Game seed: 3467838263825080198, levelgen mode: deterministic

290 Notrik the Skirmisher (level 6, -13/40 HPs)
             Began as a Gargoyle Fighter on Mar 17, 2020.
             Was a Follower of Okawaru.
             Killed from afar by a centaur (22 damage)
             ... with a bolt of acid
             ... on level 5 of the Dungeon.
             The game lasted 00:04:25 (2815 turns).

Notrik the Skirmisher (Gargoyle Fighter)            Turns: 2815, Time: 00:04:25

Health: -13/40     AC: 12    Str: 22    XL:     6   Next: 32%
Magic:  6/6        EV:  7    Int:  8    God:    Okawaru [*.....]
Gold:   77         SH:  9    Dex:  9    Spells: 5/5 levels left

rFire    . . .     SeeInvis .   a - +0 flail
rCold    . . .     Gourm    .   c - +0 kite shield
rNeg     + . .     Faith    .   b - +0 scale mail
rPois    ∞         Spirit   .   (no helmet)
rElec    +         Reflect  .   (no cloak)
rCorr    .         Harm     .   (no gloves)
MR       .....                  f - +0 pair of boots
Stlth    ..........             (no amulet)
HPRegen  0.13/turn              (no ring)
MPRegen  0.10/turn              (no ring)

@: no status effects
A: negative energy resistance 1, electricity resistance, unbreathing,
petrification resistance, rot immunity, AC +4
a: Heroism, Renounce Religion


You were on level 5 of the Dungeon.
You worshipped Okawaru.
Okawaru was aware of your devotion.
You were hungry.

You visited 1 branch of the dungeon, and saw 4 of its levels.

You collected 103 gold pieces.
You spent 26 gold pieces at shops.

Inventory:

Hand Weapons
 a - a +0 flail (weapon)
Armour
 b - a +0 scale mail (worn)
 c - a +0 kite shield (worn)
 f - a +0 pair of boots (worn)
   (You found it on level 1 of the Dungeon)
Jewellery
 k - a +5 ring of strength {unknown}
   (You found it on level 1 of the Dungeon)
Scrolls
 g - a scroll of teleportation {unknown}
 h - 3 scrolls of remove curse {unknown}
 i - 5 scrolls of identify {@r1}
 l - a scroll of immolation {unknown}
 m - a scroll of amnesia {unknown}
 o - a scroll of enchant armour {unknown}
 q - a scroll of magic mapping {unknown}
Potions
 d - 2 potions of might
 j - a potion of cancellation {unknown}
 n - a potion of brilliance {unknown}
 p - a potion of berserk rage {unknown}
 r - a potion of stabbing {unknown}
 s - a potion of flight {unknown}
 t - a potion of curing {unknown}
 u - a potion of resistance {unknown}
 v - a potion of degeneration {unknown}
Comestibles
 e - 5 rations {!d}


   Skills:
 * Level 5.4 Fighting
 + Level 3.3 Maces & Flails
 + Level 4.4 Armour
 + Level 4.4 Shields


You had 5 spell levels left.
You didn't know any spells.
Your spell library was empty.

Dungeon Overview and Level Annotations

Branches:
Dungeon (3/15)

Altars:
Cheibriados
Kikubaaqudgha
Okawaru
Wu Jian
Yredelemnul

Shops:
D:5 *


Innate Abilities, Weirdness & Mutations

You are resistant to torment.
Your stone body is resilient. (AC +4)
You are immune to poison.
You resist negative energy. (rN+)
You are resistant to electric shocks. (rElec)
You can survive without breathing.
You are immune to petrification.
You are immune to rotting.


Message History

You hit the crimson imp but do no damage.
The crimson imp blinks!
You barely miss the phantom. The phantom hits you.
* * * LOW HITPOINT WARNING * * *
You hit the phantom.
The phantom blinks!
You sock the hound zombie!
The hound zombie bites you but does no damage.
The phantom blinks!
You sock the crimson imp! You closely miss the crimson imp.
The crimson imp hits you.
* * * LOW HITPOINT WARNING * * *
You block the crimson imp's attack.
You barely miss the crimson imp. You block the crimson imp's attack.
You closely miss the crimson imp.
The crimson imp hits you but does no damage.
The phantom blinks!
You closely miss the crimson imp. You block the crimson imp's attack.
The crimson imp hits you but does no damage.
You barely miss the crimson imp.
The phantom blinks!
The crimson imp hits you.
* * * LOW HITPOINT WARNING * * *
You miss the crimson imp. You block the crimson imp's attack.
You closely miss the crimson imp. The crimson imp closely misses you.
You hit the crimson imp.
The crimson imp blinks!
The phantom blinks!
The crimson imp blinks!
You hit the hound zombie.
The hound zombie bites you but does no damage. x2
You completely miss the hound zombie.
The crimson imp blinks!
The hound zombie bites you but does no damage.
You closely miss the hound zombie.
The hound zombie bites you but does no damage. x2
You hit the hound zombie but do no damage.
You block the hound zombie's attack.
The crimson imp blinks!
You block the hound zombie's attack.
A centaur comes into view. It is carrying a wand of acid (10).
You barely miss the hound zombie.
The centaur shouts!
The hound zombie bites you.
* * * LOW HITPOINT WARNING * * *
You block the hound zombie's attack.
You sock the hound zombie!
The hound zombie bites you but does no damage. x2
You thump the hound zombie!
You destroy the hound zombie!
Okawaru accepts your kill.
The centaur wields a +0 shortbow.
The centaur shoots an arrow.
The arrow barely misses you.
The centaur zaps a wand.
The bolt of acid hits you!!
Ouch! That really hurt!
You die...

#################################
................(................
################.################
#@# ###....### ######## #c#
#.#.....## ..)....##
##W#######.#.....## ######..#
#................## ##.##
#..5.?..##......... #..#
#..............##.. #######.#
#.......###..##†..# #.......#
#.......# #........ ######..#
#.......# #..#."...


You could see a phantom, a centaur and a crimson imp.

Vanquished Creatures
  A phantom (D:5)
  An orc priest (D:5)
  An orc wizard (D:5)
  A hound zombie (D:5)
  A hound skeleton (D:5)
  A worker ant zombie (D:5)
  4 adders
  2 worms (D:3)
  A dart slug (D:1)
  A leopard gecko (D:1)
  2 orcs (D:5)
  A giant cockroach (D:3)
  10 hobgoblins
  6 jackals
  6 kobolds
  A ball python (D:1)
  7 bats
  3 frilled lizards
  2 gnoll zombies (D:3)
  8 goblins
  6 rats
66 creatures vanquished.

Notes
Turn   | Place    | Note
-------+----------+-------------------------------------------
     0 | D:1      | Notrik the Gargoyle Fighter began the quest for the Orb.
     0 | D:1      | Reached XP level 1. HP: 14/14 MP: 1/1
    86 | D:1      | Reached XP level 2. HP: 17/19 MP: 2/2
   565 | D:1      | Reached XP level 3. HP: 21/24 MP: 3/3
   984 | D:2      | Reached skill level 4 in Fighting
   987 | D:2      | Found an iron altar of Okawaru.
  1036 | D:2      | Found an ancient bone altar of Kikubaaqudgha.
  1036 | D:2      | Found a snail-covered altar of Cheibriados.
  1041 | D:2      | Found an ornate altar of the Wu Jian Council.
  1046 | D:2      | Became a worshipper of Warmaster Okawaru
  1869 | D:3      | Found a basalt altar of Yredelemnul.
  1928 | D:3      | Reached XP level 4. HP: 27/29 MP: 4/4
  2344 | D:3      | You fall into a shaft and drop 2 floors!
  2344 | D:5      | Entered Level 5 of the Dungeon
  2356 | D:5      | Reached XP level 5. HP: 28/34 MP: 5/5
  2381 | D:5      | Noticed a phantom
  2398 | D:5      | Found Plog's General Store.
  2490 | D:5      | Bought a scroll of identify for 26 gold pieces
  2582 | D:5      | Killed a phantom
  2582 | D:5      | Reached * piety under Okawaru
  2582 | D:5      | Reached skill level 5 in Fighting
  2582 | D:5      | Reached XP level 6. HP: 26/40 MP: 6/6
  2739 | D:5      | Noticed a phantom
  2815 | D:5      | Killed from afar by a centaur

Levels and vault maps discovered:
D:1:      sevenhm_arrival_forest_fort_large_3, layout_loops_ring, st_stairs_4
D:2:      layout_basic, grunt_temple_overflow_open
D:3:      layout_basic, lemuel_zombie_altar_yredelemnul
D:5:      layout_basic, minmay_temple_entry_wispy, serial_shops,
          nicolae_shop_crystal, ebering_ghost_rock_garden, first_ration,
          uniq_grinder, uniq_blork_the_orc

Skill      XL: |  1  2  3  4  5 |
---------------+----------------+-----
Fighting       | 4 5 |  5.4
Armour         | 4 |  4.4
Shields        | 4 |  4.4
Maces & Flails | 3 |  3.3

Action                   |  1- 3 |  4- 6 || total
-------------------------+-------+-------++-------
Melee: Flail             |   154 |   192 ||   346
  Eat: Chunk             |     3 |     3 ||     6
Armor: Scale mail        |    95 |   162 ||   257
Dodge: Dodged            |    53 |    89 ||   142
Block: Kite shield       |    96 |   115 ||   211

Table legend:
 A = Non-vault XP
 B = Vault XP
 C = Vault XP percentage of total XP
 D = Non-vault monster count
 E = Vault monster count
 F = Vault count percentage of total count
                 A         B        C        D         E       F
            +---------+---------+-------+---------+---------+-------
      Total |     409 |       6 |   1.4 |      62 |       4 |   6.1
            +---------+---------+-------+---------+---------+-------
        D:1 |      44 |       3 |   6.4 |      26 |       2 |   7.1
        D:2 |      25 |       0 |   0.0 |       9 |       0 |   0.0
        D:3 |      67 |       3 |   4.3 |      15 |       2 |  11.8
        D:5 |     273 |       0 |   0.0 |      12 |       0 |   0.0
            +---------+---------+-------+---------+---------+-------
